 Dungeon Crawl Stone Soup version 0.24-a0-715-g0b739ee41d (webtiles) character file.

Game seed: 7981342850852055985, levelgen mode: deterministic

575 Analysis the Shooter (level 7, -4/59 HPs)
             Began as a Centaur Hunter on Sept 30, 2019.
             Slain by an ogre
             ... wielding a +0 giant club
              (15 damage)
             ... on level 4 of the Dungeon.
             The game lasted 00:21:01 (4712 turns).

Analysis the Shooter (Centaur Hunter)               Turns: 4712, Time: 00:21:01

Health: -4/59      AC:  8    Str: 17    XL:     7   Next: 12%
Magic:  7/7        EV:  5    Int: 10    God:
Gold:   169        SH:  0    Dex:  9    Spells: 6/6 levels left

rFire    . . .     SeeInvis .   b - +0 short sword
rCold    . . .     Gourm    .   (no shield)
rNeg     + . .     Faith    .   s - +0 chain mail
rPois    .         Spirit   .   (no helmet)
rElec    .         Reflect  .   (no cloak)
rCorr    .         Harm     .   g - +0 pair of gloves
MR       .....                  (no barding)
Stlth    ..........             (no amulet)
HPRegen  0.19/turn              r - ring of positive energy
MPRegen  0.10/turn              (no ring)

@: very quick
A: large, hooves 3, deformed body, speed 2, tough skin 3
a: no special abilities


You were on level 4 of the Dungeon.
You were hungry.

You visited 1 branch of the dungeon, and saw 4 of its levels.

You collected 169 gold pieces.

Inventory:

Hand Weapons
 a - a +1 shortbow
 b - a +0 short sword (weapon)
Missiles
 d - 5 arrows
Armour
 g - a +0 pair of gloves (worn)
 s - a +0 chain mail (worn)
Jewellery
 r - a ring of positive energy (left hand)
Scrolls
 e - a scroll of fog {unknown}
 h - a scroll of remove curse {unknown}
 i - a scroll of blinking {unknown}
 k - a scroll of fear {unknown}
 l - a scroll of enchant weapon {unknown}
 n - a scroll of teleportation {unknown}
 q - a scroll of magic mapping {unknown}
 u - a scroll of noise {unknown}
Potions
 c - a potion of invisibility {unknown}
 j - 3 potions of curing
 m - 3 potions of flight {unknown}
 o - a potion of haste {unknown}
 t - a potion of degeneration {unknown}
 v - a potion of berserk rage {unknown}
Comestibles
 f - 5 rations


   Skills:
 + Level 4.2 Fighting
 + Level 7.4 Bows
 + Level 2.2 Armour
 + Level 3.2 Dodging
 - Level 0.6 Stealth


You had 6 spell levels left.
You didn't know any spells.
Your spell library was empty.

Dungeon Overview and Level Annotations

Branches:
Dungeon (4/15)
 Temple: D:4-7

Altars:
Sif Muna

Annotations:
D:4 Dowan


Innate Abilities, Weirdness & Mutations

You have hooves in place of feet.
Armour fits poorly on your strangely shaped body.
You cover ground very quickly.
You have extremely tough skin. (AC +3)


Message History

Dowan hits you with a +1 dagger of pain.
You miss Dowan. You kick Dowan.
Dowan is lightly wounded.
Dowan barely misses you.
You puncture Dowan! Your kick misses Dowan.
Dowan is moderately wounded.
Dowan hits you with a +1 dagger of pain.
The ogre hits you but does no damage. Dowan hits you but does no damage.
Your chain mail prevents you from hitting Dowan.
Your kick misses Dowan.
Dowan is moderately wounded.
Dowan hits you but does no damage. The ogre barely misses you.
You hit Dowan but do no damage. You kick Dowan!
Dowan is severely wounded.
Dowan hits you but does no damage. x2; The ogre hits you with a +0 giant club!
* * * LOW HITPOINT WARNING * * *
You hit Dowan.
Dowan is almost dead.
Dowan hits you but does no damage. The ogre hits you with a +0 giant club!
You die...

#...#..# #..o#..#
#...#..# #.(.# #.ยง.#
#..(# # #...# ).
###)#########.#
#oO@e.......#
######...#### #...#
#########...#
#.......#...#
#...........#
#.(.....#...#
#.......##.#####
######...............


You could see an ogre, Dowan and an orc.

Vanquished Creatures
  Duvessa (D:4)
  A phantom (D:4)
  An ogre (D:4)
  An orc wizard (D:3)
  An iguana (D:4)
  3 adders (D:3)
  12 gnolls
  A worm (D:3)
  2 dart slugs (D:2)
  2 leopard geckos
  11 orcs (D:3)
  A ball python (D:3)
  9 bats
  6 giant cockroaches
  8 goblins
  11 hobgoblins
  2 quokkas
  8 frilled lizards
  8 kobolds
  6 rats
95 creatures vanquished.

Notes
Turn   | Place    | Note
-------+----------+-------------------------------------------
     0 | D:1      | Analysis the Centaur Hunter began the quest for the Orb.
     0 | D:1      | Reached XP level 1. HP: 17/17 MP: 1/1
   179 | D:1      | Reached XP level 2. HP: 17/24 MP: 2/2
   604 | D:1      | Reached XP level 3. HP: 18/30 MP: 3/3
  1369 | D:2      | Found a shimmering blue altar of Sif Muna.
  1584 | D:2      | Reached skill level 6 in Bows
  1748 | D:2      | Reached XP level 4. HP: 17/37 MP: 4/4
  2194 | D:2      | Reached skill level 1 in Armour
  2473 | D:2      | Reached XP level 5. HP: 45/45 MP: 5/5
  3956 | D:3      | Reached XP level 6. HP: 42/51 MP: 6/6
  4276 | D:4      | Reached skill level 7 in Bows
  4653 | D:4      | Noticed Duvessa
  4653 | D:4      | Noticed Dowan
  4687 | D:4      | Killed Duvessa
  4687 | D:4      | Reached XP level 7. HP: 52/59 MP: 7/7
  4712 | D:4      | Slain by an ogre

Levels and vault maps discovered:
D:1:      dpeg_arrival_prison, layout_basic
D:2:      layout_loops_cross, lemuel_blue_sif_altar
D:3:      layout_rooms
D:4:      layout_basic, corexii_corridor_pit, minmay_misc_feat_hallway,
          hex_intersection, hangedman_feature_mirror, uniq_duvessa

Skill      XL: |  1  2  3  4  5  6 |
---------------+-------------------+-----
Dodging        | 2 3 |  3.2
Bows           | 6 7 |  7.4
Fighting       | 3 4 |  4.2
Armour         | 1 2 |  2.2
Stealth        | |  0.6

Action                   |  1- 3 |  4- 6 |  7- 9 || total
-------------------------+-------+-------+-------++-------
Melee: Short sword       |   142 |   212 |     6 ||   360
       Kick              |    24 |    38 |     2 ||    64
 Fire: Shortbow          |       |    52 |       ||    52
  Use: Potion            |       |     1 |       ||     1
  Eat: Chunk             |     2 |     8 |       ||    10
Armor: Leather armour    |    58 |     3 |       ||    61
       Chain mail        |       |    81 |     6 ||    87
       Ring mail         |       |    19 |       ||    19
Dodge: Dodged            |    96 |    68 |     3 ||   167

Table legend:
 A = Non-vault XP
 B = Vault XP
 C = Vault XP percentage of total XP
 D = Non-vault monster count
 E = Vault monster count
 F = Vault count percentage of total count
                 A         B        C        D         E       F
            +---------+---------+-------+---------+---------+-------
      Total |     674 |     148 |  18.0 |      91 |       4 |   4.2
            +---------+---------+-------+---------+---------+-------
        D:1 |      51 |       6 |  10.5 |      23 |       3 |  11.5
        D:2 |     142 |       0 |   0.0 |      30 |       0 |   0.0
        D:3 |     197 |       0 |   0.0 |      35 |       0 |   0.0
        D:4 |     284 |     142 |  33.3 |       3 |       1 |  25.0
            +---------+---------+-------+---------+---------+-------
